[Event "11th LCC Super Blitz 2019"]
[Site "London"]
[Date "2019.12.08"]
[Round "10.5"]
[White "Royal, Shreyas"]
[Black "Stepanyan, Henrik"]
[Result "0-1"]
[ECO "D34"]
[WhiteElo "1941"]
[BlackElo "2193"]
[Annotator "NA"]
[PlyCount "90"]
[EventDate "2019.12.08"]
[EventType "swiss"]
[EventCountry "ENG"]
[SourceTitle "playchess.com"]
[Source "ChessBase"]
[SourceQuality "1"]
[TimeControl "180+2"]

1. d4 d5 2. c4 e6 3. g3 c5 4. cxd5 exd5 5. Nf3 Nc6 6. Bg2 Nf6 7. Nc3 Be7 8. O-O O-O 9. Bg5 c4 10. Ne5 Be6 11. Bxf6 Bxf6 12. Nxc4 Bxd4 13. Na3 Bxc3 14. bxc3 Qe7 15. Nb5 Rac8 16. Rc1 Rfd8 17. Nd4 Ne5 18. Nxe6 Qxe6 19. Qb3 b6 20. e4 dxe4 21. Qxe6 fxe6 22. Bxe4 Rc4 23. f3 Rdc8 24. Rce1 Nf7 25. Bb7 R8c7 26. Bd5 Rxc3 27. Bxe6 Kf8 28. Bb3 a5 29. Re2 b5 30. Bxf7 Kxf7 31. f4 b4 32. Re5 a4 33. Rb5 Rc2 34. Rf2 Rxf2 35. Kxf2 Rc2+ 36. Kg1 b3 37. axb3 a3 38. Ra5 a2 39. Ra7+ Kf6 40. Ra6+ Kf5 41. Ra5+ Ke4 42. Re5+ Kf3 43. Re1 Rb2 44. Rf1+ Kg4 45. b4 Rb1 0-1

[Event "11th LCC Super Blitz 2019"]
[Site "London"]
[Date "2019.12.08"]
[Round "10.5"]
[White "Brass, Ezra"]
[Black "Ratnesan, Ranesh"]
[Result "1-0"]
[ECO "B22"]
[WhiteElo "1628"]
[BlackElo "2213"]
[Annotator "NA"]
[PlyCount "103"]
[EventDate "2019.12.08"]
[EventType "swiss"]
[EventCountry "ENG"]
[SourceTitle "playchess.com"]
[Source "ChessBase"]
[SourceQuality "1"]
[TimeControl "180+2"]

1. e4 c5 2. c3 d5 3. exd5 Qxd5 4. d4 cxd4 5. cxd4 Nc6 6. Nf3 e5 7. Nc3 Bb4 8. dxe5 Qxd1+ 9. Kxd1 Bg4 10. Be2 O-O-O+ 11. Ke1 Nge7 12. h3 Bxf3 13. Bxf3 Nxe5 14. Bd2 Nxf3+ 15. gxf3 Nf5 16. Rc1 Kb8 17. a3 Rhe8+ 18. Kd1 Ba5 19. Re1 Rxe1+ 20. Kxe1 Nd4 21. Bf4+ Ka8 22. b4 Bb6 23. Nd5 Nxf3+ 24. Kf1 g5 25. Bg3 f5 26. Bd6 Nd4 27. a4 Nc6 28. Nxb6+ axb6 29. Bc7 Rd4 30. b5 Nb8 31. Bxb6 Rxa4 32. Rc8 Rb4 33. Bc7 Rxb5 34. Bxb8 g4 35. hxg4 fxg4 36. Rh8 Rh5 37. Bf4+ Ka7 38. Be3+ Ka6 39. Ra8+ Kb5 40. Ra7 Kc6 41. Ra4 Rf5 42. Rxg4 b5 43. Rg7 h5 44. Rg6+ Kd5 45. Rb6 Ke4 46. Re6+ Kf3 47. Rc6 Ke4 48. Rc3 Rd5 49. Ke2 b4 50. Rb3 Rb5 51. Bd2 Kd4 52. Rxb4+ 1-0

[Event "11th LCC Super Blitz 2019"]
[Site "London"]
[Date "2019.12.08"]
[Round "10.6"]
[White "Marusenko, Petr"]
[Black "Ismail, Mohammed Aayan"]
[Result "1-0"]
[ECO "C02"]
[WhiteElo "2085"]
[BlackElo "1641"]
[Annotator "NA"]
[PlyCount "49"]
[EventDate "2019.12.08"]
[EventType "swiss"]
[EventCountry "ENG"]
[SourceTitle "playchess.com"]
[Source "ChessBase"]
[SourceQuality "1"]
[TimeControl "180+2"]

1. d4 e6 2. e4 d5 3. e5 c5 4. c3 Nc6 5. Nf3 Qb6 6. a3 cxd4 7. cxd4 Nge7 8. b4 Nf5 9. Be3 h5 10. Nbd2 Nxe3 11. fxe3 a6 12. Bd3 Be7 13. O-O O-O 14. Nb3 g6 15. Qe1 Kg7 16. Qg3 a5 17. b5 a4 18. Nbd2 Na5 19. Ng5 Bxg5 20. Qxg5 Qd8 21. Qg3 Qe7 22. Rf6 Qe8 23. Nf3 b6 24. Nh4 Ra7 25. Raf1 1-0

[Event "11th LCC Super Blitz 2019"]
[Site "London"]
[Date "2019.12.08"]
[Round "10.6"]
[White "Arapalea, Daniel-Ionel"]
[Black "Bird, Joel"]
[Result "0-1"]
[ECO "B02"]
[WhiteElo "1840"]
[BlackElo "2009"]
[Annotator "NA"]
[PlyCount "167"]
[EventDate "2019.12.08"]
[EventType "swiss"]
[EventCountry "ENG"]
[SourceTitle "playchess.com"]
[Source "ChessBase"]
[SourceQuality "1"]
[TimeControl "180+2"]

1. e4 d5 2. exd5 Nf6 3. Nc3 Nxd5 4. g3 Bf5 5. Bg2 e6 6. Nge2 c6 7. d3 Be7 8. O-O Nd7 9. Re1 O-O 10. Nxd5 cxd5 11. Nf4 Bf6 12. Nh5 Be7 13. Nf4 Rc8 14. c3 Bd6 15. Ne2 Bg6 16. Nf4 Bf5 17. Qe2 h6 18. d4 Nf6 19. f3 Qc7 20. Nd3 b5 21. Ne5 b4 22. Bd2 bxc3 23. bxc3 Bxe5 24. dxe5 Nd7 25. g4 Bg6 26. g5 h5 27. f4 Qc4 28. Qxc4 Rxc4 29. Bf1 Rc7 30. a4 Rb8 31. Re3 Bf5 32. Bd3 Bxd3 33. Rxd3 Nc5 34. Rh3 Ne4 35. Be1 g6 36. Re3 Rc4 37. Kg2 Rb2+ 38. Kg1 Kg7 39. a5 Rb3 40. a6 Rb6 41. Re2 Nxc3 42. Bxc3 Rxc3 43. Kf2 Rcc6 44. Rea2 Kf8 45. Ke3 Ke7 46. Kd4 Rb4+ 47. Kd3 Kd7 48. Ke3 Rc3+ 49. Kf2 Rxf4+ 50. Kg2 Rg4+ 51. Kf2 Rxg5 52. Rb2 Rf5+ 53. Kg2 Rxe5 54. Rb7+ Kd6 55. Rxa7 Re2+ 56. Kf1 Rxh2 57. Kg1 Rcc2 58. Rxf7 Rcg2+ 59. Kf1 Rh1+ 60. Kxg2 Rxa1 61. a7 Ke5 62. Kf3 g5 63. Ke3 Ra3+ 64. Kf2 d4 65. Rh7 h4 66. Rg7 Ke4 67. Re7 e5 68. Rg7 Ra2+ 69. Kg1 Kf5 70. Rf7+ Kg4 71. Re7 Kg3 72. Kf1 Ra1+ 73. Ke2 Kf4 74. Kd3 Ra3+ 75. Kc4 d3 76. Rd7 Ke4 77. Kb5 Ke3 78. Kb6 e4 79. Rd5 Rxa7 80. Rxg5 Rf7 81. Rh5 Rf4 82. Kc5 d2 83. Rd5 Ke2 84. Kd4 0-1

[Event "11th LCC Super Blitz 2019"]
[Site "London"]
[Date "2019.12.08"]
[Round "10.6"]
[White "Davis, Holden"]
[Black "Toh, Q Kane"]
[Result "0-1"]
[ECO "B13"]
[WhiteElo "1769"]
[BlackElo "1606"]
[Annotator "NA"]
[PlyCount "38"]
[EventDate "2019.12.08"]
[EventType "swiss"]
[EventCountry "ENG"]
[SourceTitle "playchess.com"]
[Source "ChessBase"]
[SourceQuality "1"]
[TimeControl "180+2"]

1. e4 c6 2. d4 d5 3. exd5 cxd5 4. Bd3 Nc6 5. c3 Qc7 6. Nd2 Nf6 7. Ngf3 Bg4 8. O-O e6 9. h3 Bh5 10. Qb3 Bd6 11. Re1 O-O 12. Be2 Rab8 13. Nf1 Ne4 14. Ne3 b5 15. g4 Bg6 16. Nf1 Na5 17. Qd1 Nc4 18. b3 Nxc3 19. Qc2 Bxc2 0-1

[Event "11th LCC Super Blitz 2019"]
[Site "London"]
[Date "2019.12.08"]
[Round "10.7"]
[White "Nettleton, Charlie B"]
[Black "Gudenas, Motiejus"]
[Result "1-0"]
[ECO "C65"]
[WhiteElo "2021"]
[BlackElo "1993"]
[Annotator "NA"]
[PlyCount "62"]
[EventDate "2019.12.08"]
[EventType "swiss"]
[EventCountry "ENG"]
[SourceTitle "playchess.com"]
[Source "ChessBase"]
[SourceQuality "1"]
[TimeControl "180+2"]

1. e4 e5 2. Nc3 Nc6 3. Nf3 Nf6 4. Bb5 Bd6 5. O-O O-O 6. d4 exd4 7. Nxd4 Re8 8. Re1 Bb4 9. Nxc6 bxc6 10. Bd3 d5 11. e5 Nd7 12. Bf4 d4 13. a3 dxc3 14. axb4 cxb2 15. Rb1 Nb6 16. Qh5 g6 17. Qh6 Qe7 18. Bg5 Qf8 19. Qh4 Nd5 20. Rxb2 Be6 21. Rbb1 a5 22. bxa5 Rxa5 23. c4 Ne7 24. Bf6 Nf5 25. Bxf5 Bxf5 26. Rb7 Be6 27. Rxc7 Rc5 28. Qg5 Rxc4 29. h4 Rg4 30. Qe3 Rc4 31. h5 Qc5 1-0

[Event "11th LCC Super Blitz 2019"]
[Site "London"]
[Date "2019.12.08"]
[Round "10.7"]
[White "Nunn, Petra"]
[Black "Watson, Mikey J"]
[Result "0-1"]
[ECO "B12"]
[WhiteElo "1908"]
[BlackElo "1748"]
[Annotator "NA"]
[PlyCount "70"]
[EventDate "2019.12.08"]
[EventType "swiss"]
[EventCountry "ENG"]
[SourceTitle "playchess.com"]
[Source "ChessBase"]
[SourceQuality "1"]
[TimeControl "180+2"]

1. e4 c6 2. d4 d5 3. f3 dxe4 4. fxe4 e5 5. Nf3 exd4 6. Bc4 Be6 7. Bxe6 fxe6 8. O-O Be7 9. Nxd4 Qd6 10. Bf4 Qd7 11. Nc3 Nf6 12. e5 Nd5 13. Nxd5 Qxd5 14. Kh1 Nd7 15. Nf3 O-O-O 16. Qxd5 cxd5 17. Ng5 Bxg5 18. Bxg5 Rdf8 19. Be7 Rxf1+ 20. Rxf1 Nxe5 21. Re1 Kd7 22. Bc5 Nc6 23. b4 b6 24. Bf2 Rf8 25. Kg1 e5 26. g3 e4 27. Kg2 Nxb4 28. Bd4 g6 29. c3 Nd3 30. Rf1 Rxf1 31. Kxf1 Kc6 32. Ke2 Kb5 33. Kd2 Ka4 34. Kc2 Ka3 35. Kb1 Ne1 0-1

[Event "11th LCC Super Blitz 2019"]
[Site "London"]
[Date "2019.12.08"]
[Round "10.7"]
[White "Kennedy, Craig"]
[Black "Van Zyl-Rudd, Jack"]
[Result "1-0"]
[ECO "A00"]
[WhiteElo "1899"]
[BlackElo "2290"]
[Annotator "NA"]
[PlyCount "79"]
[EventDate "2019.12.08"]
[EventType "swiss"]
[EventCountry "ENG"]
[SourceTitle "playchess.com"]
[Source "ChessBase"]
[SourceQuality "1"]
[TimeControl "180+2"]

1. g3 Nf6 2. Bg2 d5 3. d3 e5 4. c4 dxc4 5. Qa4+ Bd7 6. Qxc4 Bc6 7. Nf3 Nbd7 8. O-O Bd6 9. a3 O-O 10. Qc2 e4 11. dxe4 Bxe4 12. Qb3 Nc5 13. Qd1 a5 14. Nc3 Bc6 15. Bg5 h6 16. Be3 a4 17. Nd4 Bxg2 18. Kxg2 Ng4 19. Nc2 Nb3 20. Rb1 Qe7 21. h3 Nxe3+ 22. Nxe3 f5 23. Nxa4 Qf7 24. Nc3 f4 25. Ng4 Nc5 26. Qd5 Ne6 27. Ne4 Kh8 28. Nxd6 cxd6 29. Rbc1 Ng5 30. Qxf7 Rxf7 31. gxf4 Rxf4 32. Rfd1 Re8 33. e3 Rf3 34. h4 Ref8 35. hxg5 h5 36. Rh1 g6 37. Nf6 Rf5 38. f4 Rb5 39. b4 Ra8 40. Rc7 1-0

[Event "11th LCC Super Blitz 2019"]
[Site "London"]
[Date "2019.12.08"]
[Round "10.8"]
[White "Eames, Robert S"]
[Black "Rahman, Asad"]
[Result "1/2-1/2"]
[ECO "B54"]
[WhiteElo "2166"]
[BlackElo "1923"]
[Annotator "NA"]
[PlyCount "74"]
[EventDate "2019.12.08"]
[EventType "swiss"]
[EventCountry "ENG"]
[SourceTitle "playchess.com"]
[Source "ChessBase"]
[SourceQuality "1"]
[TimeControl "180+2"]

1. e4 c5 2. Nf3 Nc6 3. d4 cxd4 4. Nxd4 d6 5. c4 Nf6 6. Nc3 e6 7. Be2 Be7 8. Be3 a6 9. O-O Bd7 10. Qd2 O-O 11. f3 Rc8 12. Rac1 Ne5 13. b3 Ne8 14. Rfd1 f5 15. exf5 exf5 16. Nd5 Kh8 17. Nxe7 Qxe7 18. Bg5 Qf7 19. f4 Nc6 20. Bf3 Nxd4 21. Qxd4 Bc6 22. Bxc6 bxc6 23. Re1 Qg6 24. Re7 h6 25. Bh4 Rf7 26. Rce1 Rxe7 27. Rxe7 Qg4 28. g3 c5 29. Qe3 Nc7 30. Qc3 d5 31. Qe1 d4 32. Qe5 d3 33. Rxc7 Rxc7 34. Qxc7 Qd1+ 35. Kg2 Qe2+ 36. Kh3 Qg4+ 37. Kg2 Qe2+ 1/2-1/2

[Event "11th LCC Super Blitz 2019"]
[Site "London"]
[Date "2019.12.08"]
[Round "10.8"]
[White "Dhemrait, Jagdeep"]
[Black "Pappelis, Dimitrios"]
[Result "0-1"]
[ECO "B23"]
[WhiteElo "1834"]
[BlackElo "2160"]
[Annotator "NA"]
[PlyCount "58"]
[EventDate "2019.12.08"]
[EventType "swiss"]
[EventCountry "ENG"]
[SourceTitle "playchess.com"]
[Source "ChessBase"]
[SourceQuality "1"]
[TimeControl "180+2"]

1. e4 c5 2. Nc3 e6 3. f4 d5 4. d3 dxe4 5. dxe4 Qxd1+ 6. Nxd1 Nc6 7. Nf3 Nf6 8. Bd3 a6 9. a4 c4 10. Bxc4 Nxe4 11. O-O Bc5+ 12. Be3 O-O 13. Bxc5 Nxc5 14. Nc3 Bd7 15. Rfd1 Rfd8 16. b3 Be8 17. Rxd8 Rxd8 18. Rd1 Rxd1+ 19. Nxd1 Ne4 20. Bd3 Nc5 21. Bc4 Ne4 22. Bd3 Nf6 23. c3 Kf8 24. Ng5 h6 25. Ne4 Nd5 26. g3 Ke7 27. Nc5 b6 28. Nxa6 Kd6 29. Kf2 Ke7 0-1

[Event "11th LCC Super Blitz 2019"]
[Site "London"]
[Date "2019.12.08"]
[Round "10.9"]
[White "Rushbrooke, Remy"]
[Black "Iyengar, Ilya"]
[Result "1/2-1/2"]
[ECO "D01"]
[WhiteElo "1877"]
[BlackElo "1984"]
[Annotator "NA"]
[PlyCount "110"]
[EventDate "2019.12.08"]
[EventType "swiss"]
[EventCountry "ENG"]
[SourceTitle "playchess.com"]
[Source "ChessBase"]
[SourceQuality "1"]
[TimeControl "180+2"]

1. d4 Nf6 2. Nc3 d5 3. Bg5 Nbd7 4. e3 h6 5. Bh4 e6 6. a3 a6 7. f4 c5 8. Nf3 Qb6 9. Ne5 Be7 10. Be2 O-O 11. O-O Re8 12. Kh1 Nf8 13. Bf2 cxd4 14. exd4 Bd7 15. b3 Rac8 16. Qd2 Qc7 17. Be1 b5 18. Bd3 b4 19. Ne2 bxa3 20. Bxa6 Ra8 21. Bd3 Qb7 22. Ng3 Rec8 23. f5 exf5 24. Nxf5 Bxf5 25. Bxf5 Rc7 26. Rf3 Ne6 27. Bxe6 fxe6 28. Rg3 Kh7 29. Qe2 Ne4 30. Rd3 Bf6 31. Qg4 Bxe5 32. dxe5 Re7 33. c4 a2 34. cxd5 exd5 35. Bh4 Rxe5 36. Bg3 Rg5 37. Qe6 Nxg3+ 38. hxg3 Qa7 39. Rxd5 Rxd5 40. Qxd5 Rb8 41. Qd3+ Kh8 42. Qc2 Ra8 43. Qd3 Qa3 44. Qc2 Ra5 45. g4 Ra8 46. g3 Qa7 47. Kh2 Qa3 48. Kh3 Qa7 49. Kh2 Qa5 50. Kh3 Ra7 51. Rf1 Ra8 52. Ra1 Qa7 53. Kh2 Qa3 54. Kh3 Qa7 55. Kh2 Qa3 1/2-1/2

[Event "11th LCC Super Blitz 2019"]
[Site "London"]
[Date "2019.12.08"]
[Round "10.9"]
[White "Kirupakaran, Vishnu"]
[Black "Sandhu, Manvith"]
[Result "1-0"]
[ECO "B08"]
[WhiteElo "1871"]
[BlackElo "1673"]
[Annotator "NA"]
[PlyCount "75"]
[EventDate "2019.12.08"]
[EventType "swiss"]
[EventCountry "ENG"]
[SourceTitle "playchess.com"]
[Source "ChessBase"]
[SourceQuality "1"]
[TimeControl "180+2"]

1. e4 Nc6 2. Nf3 d6 3. d4 Nf6 4. Nc3 g6 5. Bc4 Bg7 6. O-O O-O 7. h3 a6 8. a3 b5 9. Ba2 Bb7 10. Re1 Re8 11. Ng5 e6 12. Qd3 Nd7 13. Ne2 Nf6 14. c3 Nb8 15. Ng3 Nbd7 16. f4 h6 17. Nf3 c5 18. c4 cxd4 19. cxb5 Nc5 20. Qxd4 axb5 21. e5 dxe5 22. Qxc5 exf4 23. Ne2 Nd5 24. Bxd5 Bxd5 25. Nxf4 Bxf3 26. gxf3 Bd4+ 27. Be3 Bxc5 28. Bxc5 Qc7 29. Be3 e5 30. Nd5 Qd7 31. Nf6+ Kg7 32. Nxd7 Red8 33. Nxe5 f5 34. Rad1 Re8 35. Bd4 Rad8 36. Nc6+ Rxd4 37. Nxd4 Kf6 38. Rxe8 1-0

[Event "11th LCC Super Blitz 2019"]
[Site "London"]
[Date "2019.12.08"]
[Round "10.9"]
[White "Manmay Chopra"]
[Black "Orlovska, Madara"]
[Result "0-1"]
[ECO "A03"]
[WhiteElo "1354"]
[BlackElo "2072"]
[Annotator "NA"]
[PlyCount "60"]
[EventDate "2019.12.08"]
[EventType "swiss"]
[EventCountry "ENG"]
[SourceTitle "playchess.com"]
[Source "ChessBase"]
[SourceQuality "1"]
[TimeControl "180+2"]

1. f4 d5 2. Nf3 g6 3. e3 Bg7 4. d3 f5 5. Be2 Nf6 6. Nbd2 O-O 7. Ne5 Nfd7 8. d4 Nxe5 9. dxe5 c5 10. c3 d4 11. Bc4+ e6 12. exd4 cxd4 13. Qb3 Re8 14. O-O Nc6 15. Bb5 dxc3 16. Qxc3 Qb6+ 17. Kh1 Qxb5 18. Nc4 Bd7 19. Be3 Qb4 20. Qc2 Bf8 21. a3 Qb5 22. a4 Qb4 23. Rfd1 Rad8 24. Rd3 Na5 25. Bd2 Qxc4 26. Rc3 Qe4 27. Qc1 Rc8 28. b4 Rxc3 29. Qxc3 Nc6 30. Re1 Qxb4 0-1

[Event "11th LCC Super Blitz 2019"]
[Site "London"]
[Date "2019.12.08"]
[Round "10.10"]
[White "Patel, Rishi"]
[Black "Janula, Mariusz"]
[Result "1-0"]
[ECO "B52"]
[WhiteElo "1899"]
[BlackElo "1767"]
[Annotator "NA"]
[PlyCount "61"]
[EventDate "2019.12.08"]
[EventType "swiss"]
[EventCountry "ENG"]
[SourceTitle "playchess.com"]
[Source "ChessBase"]
[SourceQuality "1"]
[TimeControl "180+2"]

1. e4 c5 2. Nf3 d6 3. Bb5+ Bd7 4. Bxd7+ Qxd7 5. c3 Nc6 6. O-O Nf6 7. Re1 g6 8. d4 cxd4 9. cxd4 Bg7 10. Nc3 O-O 11. h3 Rac8 12. Be3 a6 13. Rc1 Rfe8 14. Qd2 Na5 15. b3 Nc6 16. Bh6 Bh8 17. Qd3 Nb4 18. Qe2 b5 19. a3 Nc6 20. e5 dxe5 21. dxe5 Nd5 22. Red1 e6 23. Bg5 f5 24. exf6 Qf7 25. Nxd5 exd5 26. Qd3 Ne5 27. Nxe5 Rxc1 28. Nxf7 Rxd1+ 29. Qxd1 Kxf7 30. Qxd5+ Kf8 31. Bh6+ 1-0

[Event "11th LCC Super Blitz 2019"]
[Site "London"]
[Date "2019.12.08"]
[Round "10.10"]
[White "Phillips, David"]
[Black "Tombolis, Christopher"]
[Result "1-0"]
[ECO "A03"]
[WhiteElo "1810"]
[BlackElo "1655"]
[Annotator "NA"]
[PlyCount "43"]
[EventDate "2019.12.08"]
[EventType "swiss"]
[EventCountry "ENG"]
[SourceTitle "playchess.com"]
[Source "ChessBase"]
[SourceQuality "1"]
[TimeControl "180+2"]

1. b3 d5 2. Bb2 Nf6 3. f4 Nc6 4. Nf3 Bg4 5. e3 e6 6. h3 Bxf3 7. Qxf3 a5 8. Bb5 Be7 9. Bxc6+ bxc6 10. a4 c5 11. O-O Qb8 12. d3 h5 13. Nd2 h4 14. e4 Qb4 15. Rad1 Rd8 16. Rfe1 c6 17. f5 dxe4 18. Nxe4 Nxe4 19. Rxe4 Qb6 20. fxe6 c4+ 21. Kh1 cxd3 22. Qxf7# 1-0

[Event "11th LCC Super Blitz 2019"]
[Site "London"]
[Date "2019.12.08"]
[Round "10.10"]
[White "Bergner, Matthias"]
[Black "Van Hoof, Alexander"]
[Result "0-1"]
[ECO "D30"]
[WhiteElo "1632"]
[BlackElo "1968"]
[Annotator "NA"]
[PlyCount "46"]
[EventDate "2019.12.08"]
[EventType "swiss"]
[EventCountry "ENG"]
[SourceTitle "playchess.com"]
[Source "ChessBase"]
[SourceQuality "1"]
[TimeControl "180+2"]

1. d4 Nf6 2. c4 c5 3. dxc5 e6 4. Nf3 Bxc5 5. e3 d5 6. Be2 Nc6 7. O-O O-O 8. b3 d4 9. exd4 Nxd4 10. Bb2 Nxe2+ 11. Qxe2 Bd7 12. Rd1 Qe7 13. Nc3 Bc6 14. Rd2 Rad8 15. Rad1 Rxd2 16. Rxd2 Rd8 17. Rxd8+ Qxd8 18. Qd1 Qc7 19. Ne1 h6 20. a3 Qf4 21. Qe2 Ng4 22. Nd3 Qxh2+ 23. Kf1 Qh1# 0-1

[Event "11th LCC Super Blitz 2019"]
[Site "London"]
[Date "2019.12.08"]
[Round "10.11"]
[White "Zhao, Haolin"]
[Black "Vaidya, Raghav"]
[Result "1-0"]
[ECO "A02"]
[WhiteElo "1725"]
[BlackElo "1467"]
[Annotator "NA"]
[PlyCount "61"]
[EventDate "2019.12.08"]
[EventType "swiss"]
[EventCountry "ENG"]
[SourceTitle "playchess.com"]
[Source "ChessBase"]
[SourceQuality "1"]
[TimeControl "180+2"]

1. f4 c5 2. b3 g6 3. Bb2 Nf6 4. Nf3 Bg7 5. e3 O-O 6. Nc3 Nc6 7. Bb5 d6 8. Ne2 a6 9. Bxc6 bxc6 10. O-O Re8 11. h3 e6 12. Qe1 Bb7 13. Qh4 Nh5 14. Bxg7 Qxh4 15. Nxh4 Nxg7 16. c4 d5 17. Nf3 dxc4 18. bxc4 Rad8 19. Rfd1 f6 20. Rab1 Rd7 21. Nc3 e5 22. fxe5 fxe5 23. Ne4 Ba8 24. Nf6+ Kh8 25. Nxd7 Rd8 26. Nxc5 e4 27. Nxe4 Nf5 28. Kf2 Nd6 29. Nxd6 Rxd6 30. Rb8+ Kg7 31. Rxa8 1-0

[Event "11th LCC Super Blitz 2019"]
[Site "London"]
[Date "2019.12.08"]
[Round "10.11"]
[White "Muhunthan, Charukgan"]
[Black "Young, Daniel J"]
[Result "0-1"]
[ECO "B92"]
[WhiteElo "1401"]
[BlackElo "1947"]
[Annotator "NA"]
[PlyCount "106"]
[EventDate "2019.12.08"]
[EventType "swiss"]
[EventCountry "ENG"]
[SourceTitle "playchess.com"]
[Source "ChessBase"]
[SourceQuality "1"]
[TimeControl "180+2"]

1. e4 c5 2. Nf3 d6 3. d4 cxd4 4. Nxd4 Nf6 5. Nc3 a6 6. Be3 e5 7. Nb3 Be6 8. f3 Be7 9. Qd2 O-O 10. Be2 Nbd7 11. g4 b5 12. a3 Nb6 13. h4 Nc4 14. Bxc4 bxc4 15. Nc1 Rb8 16. Rb1 d5 17. exd5 Nxd5 18. g5 Nxe3 19. Qxe3 Qc7 20. N1a2 Bc5 21. Qe2 Rfd8 22. h5 Bd4 23. g6 h6 24. Rf1 Qa5 25. f4 Bxc3+ 26. Nxc3 Rxb2 27. Rxb2 Qxc3+ 28. Kf2 Qxb2 29. fxe5 c3 30. gxf7+ Bxf7 31. e6 Qb6+ 32. Kg3 Qxe6 33. Qxe6 Bxe6 34. Rf3 Rc8 35. Re3 Bf5 36. Re2 Kf7 37. Kf4 Be6 38. Re3 Rc4+ 39. Kg3 Rg4+ 40. Kh3 Re4+ 41. Kg2 Rxe3 42. Kf2 Rh3 43. Kg2 Rxh5 44. Kf1 Rh2 45. Ke1 Rxc2 46. Kd1 Ra2 47. Kc1 Bf5 48. Kd1 Ra1+ 49. Ke2 c2 50. Ke3 c1=Q+ 51. Kd4 Qd2+ 52. Ke5 Re1+ 53. Kxf5 Qf2+ 0-1

[Event "11th LCC Super Blitz 2019"]
[Site "London"]
[Date "2019.12.08"]
[Round "10.11"]
[White "Yeo, Klaus Lucas"]
[Black "Vikas Narayan S P"]
[Result "1-0"]
[ECO "C55"]
[WhiteElo "1176"]
[BlackElo "1026"]
[Annotator "NA"]
[PlyCount "111"]
[EventDate "2019.12.08"]
[EventType "swiss"]
[EventCountry "ENG"]
[SourceTitle "playchess.com"]
[Source "ChessBase"]
[SourceQuality "1"]
[TimeControl "180+2"]

1. e4 e5 2. Nf3 Nc6 3. Bc4 d6 4. h3 Nf6 5. d3 Be7 6. Be3 O-O 7. O-O a6 8. a3 b5 9. Ba2 Be6 10. Nc3 d5 11. exd5 Nxd5 12. Nxd5 Bxd5 13. Bxd5 Qxd5 14. b4 Rad8 15. Qe2 Bf6 16. Rad1 Nd4 17. Nxd4 exd4 18. Bf4 Rfe8 19. Qd2 c5 20. bxc5 Qxc5 21. Ra1 Rc8 22. Rfc1 Re6 23. a4 a5 24. axb5 Qxb5 25. Rxa5 Qe8 26. Raa1 Bd8 27. Re1 h6 28. Rxe6 Qxe6 29. Re1 Qd7 30. Re2 Ra8 31. Kh2 f6 32. Qb4 g5 33. Qb3+ Kg7 34. Bg3 h5 35. f3 h4 36. Bf2 Bc7+ 37. Kg1 Qd6 38. Kf1 Kg6 39. Qb1 Qh2 40. Bg1 Qd6 41. Re4 Ba5 42. Rxd4 Qc6 43. Rc4 Qe6 44. Qd1 Rb8 45. Re4 Qd6 46. Ke2 f5 47. Re3 Bb6 48. d4 Qc6 49. c3 Ra8 50. Qd3 Ra2+ 51. Kf1 Ra1+ 52. Re1 Qa4 53. Qe2 Rxe1+ 54. Qxe1 Kf6 55. Bh2 Qc4+ 56. Kf2 1-0

[Event "11th LCC Super Blitz 2019"]
[Site "London"]
[Date "2019.12.08"]
[Round "10.12"]
[White "Ball, Charlie J"]
[Black "John, Joshua"]
[Result "1-0"]
[ECO "D02"]
[WhiteElo "1249"]
[BlackElo "1694"]
[Annotator "NA"]
[PlyCount "89"]
[EventDate "2019.12.08"]
[EventType "swiss"]
[EventCountry "ENG"]
[SourceTitle "playchess.com"]
[Source "ChessBase"]
[SourceQuality "1"]
[TimeControl "180+2"]

1. d4 Nf6 2. Bf4 d5 3. e3 e6 4. c3 c5 5. Nd2 Nc6 6. Ngf3 Be7 7. Bd3 O-O 8. Qb1 h6 9. Ne5 Nh5 10. Bg3 Nxg3 11. hxg3 Bf6 12. Ndf3 Qc7 13. Nxc6 bxc6 14. g4 cxd4 15. exd4 e5 16. dxe5 Bxe5 17. g5 Bf4 18. g3 Qe7+ 19. Kd1 Bg4 20. gxh6 Bxh6 21. Be2 Rfe8 22. Qd3 Qxe2+ 23. Qxe2 Rxe2 24. Kxe2 Re8+ 25. Kf1 Bxf3 26. Rh4 Rb8 27. b3 Bg5 28. Ra4 Rb7 29. Re1 Bd2 30. Re8+ Kh7 31. Rh4+ Kg6 32. Rc8 Rb6 33. Ra4 Bxc3 34. Rxa7 d4 35. Rd7 Bg4 36. Rd6+ f6 37. Rcxc6 Rxc6 38. Rxc6 Bb2 39. a4 d3 40. Rd6 Be2+ 41. Kg2 Bc3 42. Rd5 d2 43. a5 d1=Q 44. Rxd1 Bxd1 45. a6 1-0

[Event "11th LCC Super Blitz 2019"]
[Site "London"]
[Date "2019.12.08"]
[Round "10.13"]
[White "Saidmurodov, Shahjahon"]
[Black "Patel, Zain"]
[Result "0-1"]
[ECO "B87"]
[WhiteElo "1812"]
[BlackElo "1253"]
[Annotator "NA"]
[PlyCount "65"]
[EventDate "2019.12.08"]
[EventType "swiss"]
[EventCountry "ENG"]
[SourceTitle "playchess.com"]
[Source "ChessBase"]
[SourceQuality "1"]
[TimeControl "180+2"]

1. e4 c5 2. Nf3 d6 3. d4 cxd4 4. Nxd4 Nf6 5. Nc3 a6 6. Bc4 e6 7. Bg5 b5 8. Bb3 b4 9. Nce2 Nbd7 10. Ng3 Be7 11. Bxe6 fxe6 12. Nxe6 Qa5 13. Nxg7+ Kf7 14. N7f5 b3+ 15. c3 Bb7 16. Qxb3+ Kf8 17. Nxe7 Kxe7 18. Nf5+ Kd8 19. Bxf6+ Nxf6 20. Qxb7 Qc5 21. Qe7+ Kc8 22. Nxd6+ Qxd6 23. Qxd6 Nxe4 24. Qc6+ Kb8 25. Qxe4 Ka7 26. O-O-O Rad8 27. Qe7+ Kb6 28. Rxd8 Rxd8 29. Qxd8+ Ka7 30. Re1 a5 31. Qd6 Kb7 32. Re7+ Kc8 33. Qc7# 0-1

[Event "11th LCC Super Blitz 2019"]
[Site "London"]
[Date "2019.12.08"]
[Round "10.13"]
[White "Pham, Catherine"]
[Black "Fisher, Neal"]
[Result "0-1"]
[ECO "C41"]
[WhiteElo "1280"]
[BlackElo "1522"]
[Annotator "NA"]
[PlyCount "104"]
[EventDate "2019.12.08"]
[EventType "swiss"]
[EventCountry "ENG"]
[SourceTitle "playchess.com"]
[Source "ChessBase"]
[SourceQuality "1"]
[TimeControl "180+2"]

1. e4 e5 2. Nf3 d6 3. Nc3 c6 4. d4 Nd7 5. Be3 Ngf6 6. Bd3 Be7 7. O-O h6 8. Re1 Qc7 9. dxe5 dxe5 10. Bc4 b5 11. Bb3 a5 12. a3 a4 13. Ba2 Bb7 14. Qe2 O-O 15. Rad1 Nc5 16. Bxc5 Bxc5 17. h3 Rad8 18. Nh2 Rxd1 19. Rxd1 Rd8 20. Re1 Qb6 21. Rf1 Bd4 22. Qf3 Bxc3 23. bxc3 Qc5 24. Re1 Rf8 25. Ra1 Rd8 26. Nf1 Kf8 27. Bb1 Qd6 28. Kh2 Qd1 29. Qxd1 Rxd1 30. Ng3 c5 31. f3 c4 32. Ne2 Nh5 33. Ng3 Nxg3 34. Kxg3 g6 35. Kf2 f5 36. exf5 gxf5 37. Ke2 Rg1 38. Kf2 Rc1 39. Ke2 e4 40. Kd2 Rg1 41. Ke2 Rxg2+ 42. Kf1 exf3 43. Ba2 Rxc2 44. Re1 Rxa2 45. Re5 Rxa3 46. Rxf5+ Kg7 47. Rxb5 Be4 48. Rb7+ Kf6 49. Rb6+ Kg5 50. Rb5+ Kf4 51. Rb4 Kg3 52. Rxc4 Ra1# 0-1

[Event "11th LCC Super Blitz 2019"]
[Site "London"]
[Date "2019.12.08"]
[Round "10.14"]
[White "Essis, Essoh Jean Mathieu C"]
[Black "Thatte, Nandinee"]
[Result "0-1"]
[ECO "A48"]
[WhiteElo "1438"]
[BlackElo "1270"]
[Annotator "NA"]
[PlyCount "58"]
[EventDate "2019.12.08"]
[EventType "swiss"]
[EventCountry "ENG"]
[SourceTitle "playchess.com"]
[Source "ChessBase"]
[SourceQuality "1"]
[TimeControl "180+2"]

1. d4 Nf6 2. Nf3 g6 3. Bf4 d5 4. Nbd2 Bg7 5. Be5 O-O 6. e3 Nc6 7. c3 Nxe5 8. Nxe5 Bf5 9. Qb3 Rb8 10. Ndf3 c6 11. Qa3 a6 12. g3 Be4 13. Bg2 Nd7 14. O-O Nxe5 15. dxe5 Bxf3 16. Bxf3 Bxe5 17. Rfd1 Qc7 18. e4 e6 19. exd5 cxd5 20. Rd3 Qc4 21. Rad1 Bg7 22. b3 Qc7 23. Rc1 Rbc8 24. Qb2 b5 25. Qc2 Qb6 26. Qe2 Rc7 27. Bg4 Rfc8 28. Qd2 b4 29. c4 dxc4 0-1